 Dungeon Crawl Stone Soup version 0.30-a0-137-gd8773701ce (webtiles) character file.

Game seed: 6391484493868102200

18542 snarfax the Severer (level 12, -8/169 HPs)
             Began as a Hill Orc Fighter on Sept 21, 2022.
             Was an Initiate of Gozag.
             Mangled by a lindwurm (9 damage)
             ... summoned by Kirke
             ... on level 11 of the Dungeon.
             The game lasted 00:26:45 (14227 turns).

snarfax the Severer (Hill Orc Fighter)             Turns: 14227, Time: 00:26:48

Health: -8/169     AC:  0    Str: 24    XL:     12   Next: 59%
Magic:  12/12      EV: 13    Int: 10    God:    Gozag
Gold:   2198       SH:  5    Dex: 12    Spells: 11/11 levels left

rFire   . . .      SeeInvis .    (weapon currently unavailable)
rCold   . . .      Faith    .    (shield currently unavailable)
rNeg    . . .      Spirit   .    (body armour currently unavailable)
rPois   .          Reflect  +    (helmet currently unavailable)
rElec   .          Harm     .    (cloak currently unavailable)
rCorr   .          Rampage  .    (gloves currently unavailable)
Will    .....                    (boots currently unavailable)
Stlth   ..........               J - amulet of Tempters {Reflect Int+2 Dex+2 SH+5}
HPRegen 0.38/turn                (ring currently unavailable)
MPRegen 0.13/turn                (ring currently unavailable)

@: berserking, pig-form, slowed, very quick
A: fast, no casting, small
a: Renounce Religion, Potion Petition, Call Merchant, Bribe Branch


You were on level 11 of the Dungeon.
You worshipped Gozag.
Gozag was most pleased with you.
You were a filthy swine.
You visited 2 branches of the dungeon, and saw 13 of its levels.

You collected 3113 gold pieces.
You paid 915 gold pieces to Gozag.

Inventory:

Hand Weapons
 a - a +2 war axe of electrocution
 o - a +1 hand axe of freezing
 v - a +0 hand axe of distortion
 y - a +2 flail of venom
 G - the +6 trident of Hemiriam {vorpal, Int+4}
   (You found it on level 7 of the Dungeon)

   It inflicts extra damage upon your enemies.
   Int:       It affects your intelligence (+4).
 R - the +8 frozen axe "Frostbite" (melded) {freezing cloud, *Noise Fly rC+}
   (You found it on level 11 of the Dungeon)

   It freezes those it strikes, dealing additional cold damage.
   It can also slow down cold-blooded creatures.
   It occasionally leaves clouds of freezing vapour upon striking a foe.
   It grants immunity to clouds of freezing vapour.
   rC:        It protects you from cold.
   Fly:       It grants you flight.
   *Noise:    It may make noises in combat.
Missiles
 u - 2 throwing nets
 B - 21 poisoned darts (quivered)
 F - 10 boomerangs
Armour
 c - a +0 buckler
 e - a +1 pair of gloves (melded)
 D - a +2 plate armour (melded)
 M - a +0 pair of boots (melded)
 S - a +0 helmet (melded)
Jewellery
 h - a +4 ring of protection
 l - the ring "Osywoelump" (melded) {Fly rElec rPois}
   (You found it on level 2 of the Dungeon)

   [ring of flight]

   rElec:     It insulates you from electricity.
   rPois:     It protects you from poison.
   Fly:       It grants you flight.
 n - a ring of see invisible
 x - an amulet of the acrobat
 z - a ring of poison resistance
 C - a +4 ring of slaying (melded)
 E - a ring of protection from cold
 J - the amulet of Tempters (around neck) {Reflect Int+2 Dex+2 SH+5}
   (You found it on level 7 of the Dungeon)

   [amulet of reflection]

   It reflects blocked missile attacks.
   Int:       It affects your intelligence (+2).
   Dex:       It affects your dexterity (+2).
   SH:        It affects your SH (+5).
 L - a ring of protection from fire
 P - a ring of fire
 Q - a +6 ring of strength
Wands
 r - a wand of light (7)
 I - a wand of flame (31)
 K - a wand of charming (15)
 O - a wand of iceblast (13)
Scrolls
 b - a scroll of fear
 f - 2 scrolls of magic mapping
 g - 3 scrolls of identify
 j - 5 scrolls of teleportation
 m - a scroll of amnesia
 w - a scroll of summoning
 A - a scroll of acquirement
 H - 3 scrolls of butterflies
Potions
 d - 4 potions of might
 i - a potion of heal wounds
 k - a potion of haste
 p - a potion of lignification
 q - a potion of ambrosia
 s - a potion of cancellation
 t - 3 potions of curing
 N - 2 potions of mutation


   Skills:
 + Level 12.6 Fighting
 * Level 18.2 Axes
 + Level 11.6 Armour
 - Level 5.0 Shields


You had 11 spell levels left.
You didn't know any spells.
Your spell library contained the following spells:

 Spells                   Type           Power      Damage    Failure   Level
 Foxfire                  Conj/Fire      0%         2x1d4     36%         1
 Freeze                   Ice            0%         1d3       36%         1
 Sandblast                Erth           0%         2d4       36%         1
 Summon Small Mammal      Summ           0%         N/A       36%         1
 Passwall                 Tmut/Erth      0%         N/A       50%         2
 Call Canine Familiar     Summ           0%         N/A       75%         3
 Frozen Ramparts          Ice            0%         1d1       75%         3
 Inner Flame              Hex/Fire       0%         N/A       75%         3
 Kindle Blastsparks       Fire/Tloc/Air  0%         2d10      75%         3
 Ozocubu's Armour         Ice            0%         N/A       75%         3
 Stone Arrow              Conj/Erth      0%         3d7       75%         3
 Summon Guardian Golem    Hex/Summ       0%         N/A       75%         3
 Flame Wave               Conj/Fire      0%         2d4       98%         4
 Hailstorm                Conj/Ice       0%         3d3       98%         4
 Ice Form                 Ice/Tmut       0%         N/A       98%         4
 Summon Ice Beast         Ice/Summ       0%         N/A       98%         4
 Freezing Cloud           Conj/Ice/Air   0%         6-21      100%        5
 Ozocubu's Refrigeration  Ice            0%         4d7       100%        7
 Polar Vortex             Ice            0%         N/A       100%        9
 Simulacrum               Ice/Necr       Unusable   N/A       N/A         6

Dungeon Overview and Level Annotations

Branches:
Dungeon (12/15)            Temple (1/1) D:6            Lair (0/5) D:8
    Orc (0/2) D:10

Altars:
Ashenzari
Cheibriados
Dithmenos
Fedhas
Gozag
Hepliaklqana
Nemelex Xobeh
Qazlal
Sif Muna
Uskayaw
Wu Jian
Xom
Yredelemnul
Zin

Shops:
D:2 [   D:5 *   D:6 (   D:9 *   D:10 !

Annotations:
D:5 2 runed translucent doors
D:6 3 runed translucent doors, attentat's ghost, amateur DrHu
D:11 Kirke


Message History

The lindwurm closely misses you. The lindwurm claws you.
The lindwurm closely misses you.
Kirke points at you and mumbles some strange words.
You feel a momentary urge to oink.
You barely miss Kirke.
Kirke is severely wounded.
Kirke points at you and mumbles some strange words.
You feel yourself slow down. The lindwurm breathes flames at you.
The blast of flame hits you!!
* * * LOW HITPOINT WARNING * * *
Kirke closely misses you. [a] - 294 gold - haste and brilliance [b] - 210 gold - haste [c] - 390 gold - heal wounds, curing and berserk rage Purchase which effect?
You feel much better.
You feel better.
A red film seems to cover your vision as you go berserk!
You feel yourself moving faster!
You feel mighty! Kirke hits you! The lindwurm bites you.
The lindwurm claws you. x2
You bite Kirke!
Kirke is severely wounded.
Kirke closely misses you.
You bite Kirke!
Kirke is almost dead.
The lindwurm bites you!!
* * * LOW HITPOINT WARNING * * *
The lindwurm barely misses you. The lindwurm claws you!
* * * LOW HITPOINT WARNING * * *
Kirke gestures at you while chanting.
You struggle to resist.
You hit Kirke.
Kirke is almost dead.
The lindwurm bites you!
* * * LOW HITPOINT WARNING * * *
The lindwurm claws you!
* * * LOW HITPOINT WARNING * * *
The lindwurm claws you!
You die...
Your body crumbles into a pile of gold.

##....................
####........!............
##........................
######............#...((.......
#................####..).######
###....#....)...)#.# ##....######
..).#.##..####.>.#####...........
....####...##..@k##.#....##..[#..
................h........#######.
#.#.##................#...# #.
######...##...........##..# #.
##.###...........##.## ## ###
##.......#.##### # ##.#....###
###...## ##.## ###


You could see Kirke and a lindwurm (summoned).

Vanquished Creatures
  Snorg (D:10)
  An ice dragon (D:10)
  2 boulder beetles (D:11)
  3 two-headed ogres
  3 skeletal warriors (D:11)
  A gargoyle (D:12)
  A rime drake (D:11)
  A komodo dragon (D:11)
  4 trolls
  2 polar bears (D:11)
  A hornet (D:8)
  2 shadows
  2 centaur simulacra (D:11)
  12 yaks
  5 hogs (D:12)
  3 vampire mosquitoes (D:11)
  2 acid dragons (D:10)
  5 water moccasins
  4 orc warriors
  A meliai simulacrum (D:11)
  2 ice beasts
  A sky beast (D:7)
  6 black bears
  A centaur (D:10)
  3 ogres
  2 phantoms (D:7)
  4 kobold brigands
  9 bullfrogs
  A gnoll sergeant (D:5)
  A necrophage (D:7)
  2 scorpions (D:6)
  26 wights
  The ghost of Daxter95 the Trooper, a weakling DrBe of Trog (D:3)
  14 killer bees
  4 howler monkeys
  4 hounds
  3 jellies
  9 orc priests
  2 gnoll boudas
  Natasha (thrice) (D:2)
  3 iguanas
  8 orc wizards
  15 adders
  16 gnolls
  A shadow imp (D:8)
  3 white imps
  2 worms
  6 dart slugs
  42 orcs
  6 ball pythons
  5 bats
  10 endoplasms
  9 giant cockroaches
  10 goblins
  9 hobgoblins
  7 jackals
  8 quokkas
  5 frilled lizards
  24 kobolds
  11 rats
354 creatures vanquished.

Vanquished Creatures (others)
  A kobold (D:11)
  24 fungi (D:8)
  23 plants (D:8)
48 creatures vanquished.

Grand Total: 402 creatures vanquished

Notes
Turn   | Place    | Note
-------+----------+-------------------------------------------
     0 | D:1      | snarfax the Hill Orc Fighter began the quest for the Orb.
     0 | D:1      | Reached XP level 1. HP: 19/19 MP: 1/1
   240 | D:1      | Reached skill level 3 in Axes
   360 | D:1      | Reached XP level 2. HP: 27/27 MP: 2/2
   390 | D:1      | Found a faded altar of an unknown god.
   508 | D:1      | Reached XP level 3. HP: 33/33 MP: 3/3
   928 | D:2      | Identified the ring "Osywoelump" {Fly rElec rPois}
   974 | D:2      | Noticed Natasha
   982 | D:2      | Killed Natasha
   983 | D:2      | Reached skill level 4 in Axes
   983 | D:2      | Reached XP level 4. HP: 33/40 MP: 4/4
  1106 | D:2      | Found Wulikolorph's Armour Shop.
  1111 | D:2      | Noticed Natasha
  1116 | D:2      | Killed Natasha
  1117 | D:2      | Reached XP level 5. HP: 47/47 MP: 5/5
  1126 | D:2      | Noticed Natasha
  1135 | D:2      | Killed Natasha
  1381 | D:2      | You fall into a shaft and drop 2 floors!
  1418 | D:4      | Reached skill level 5 in Axes
  1724 | D:3      | Found a runed translucent door.
  2259 | D:3      | Reached XP level 6. HP: 53/53 MP: 6/6
  3253 | D:3      | Identified a scroll of acquirement
  3253 | D:3      | Acquired 896 gold pieces
  3535 | D:3      | Noticed Daxter95's ghost (weakling DrBe)
  3598 | D:4      | Noticed a black bear
  3601 | D:4      | Killed a black bear
  3602 | D:4      | Reached skill level 5 in Fighting
  3602 | D:4      | Reached skill level 6 in Axes
  4003 | D:4      | Found a sparkling altar of Nemelex Xobeh.
  4040 | D:4      | Reached XP level 7. HP: 61/61 MP: 7/7
  4179 | D:5      | Entered Level 5 of the Dungeon
  4184 | D:5      | Found a large runed translucent door.
  4188 | D:5      | Found a large runed translucent door.
  4188 | D:5      | Noticed a troll
  4201 | D:5      | Found Fuadur's General Store.
  4396 | D:5      | Reached skill level 5 in Armour
  4402 | D:5      | Reached skill level 5 in Shields
  4583 | D:5      | Reached skill level 7 in Axes
  4751 | D:5      | Found a shimmering altar of Xom.
  4813 | D:5      | Reached XP level 8. HP: 70/70 MP: 8/8
  4828 | D:5      | Reached skill level 8 in Axes
  5030 | D:5      | Found a large runed translucent door.
  5030 | D:5      | Found a large runed translucent door.
  5154 | D:5      | Noticed a troll
  5164 | D:5      | Killed a troll
  5165 | D:5      | Reached skill level 9 in Axes
  5647 | D:5      | Found an ornate altar of the Wu Jian Council.
  5723 | D:5      | Killed a troll
  5724 | D:5      | Reached skill level 10 in Axes
  5724 | D:5      | Reached XP level 9. HP: 45/79 MP: 9/9
  6025 | D:6      | Found a staircase to the Ecumenical Temple.
  6034 | Temple   | Entered the Ecumenical Temple
  6062 | Temple   | Became a worshipper of Gozag Ym Sagoz the Greedy
  6191 | D:6      | Found Vidaahyri's Antique Weapon Boutique.
  6216 | D:6      | Noticed a deep elf pyromancer
  6219 | D:6      | Found a runed translucent gate.
  6219 | D:6      | Found a runed translucent gate.
  6220 | D:6      | Found a runed translucent gate.
  6221 | D:6      | Noticed a troll
  6222 | D:6      | Noticed attentat's ghost (amateur DrHu)
  6355 | D:6      | Reached skill level 11 in Axes
  6498 | D:6      | Found a shadowy altar of Dithmenos.
  7016 | D:3      | Killed Daxter95's ghost
  7172 | D:7      | Reached skill level 12 in Axes
  7223 | D:7      | Identified the +6 trident of Hemiriam {vorpal, Int+4}
  7307 | D:7      | Reached XP level 10. HP: 90/90 MP: 10/10
  7399 | D:7      | Identified the amulet of Tempters {Reflect Int+2 Dex+2
                  | SH+5}
  7880 | D:7      | Reached skill level 13 in Axes
  8658 | D:8      | Reached skill level 14 in Axes
  8677 | D:8      | Found a staircase to the Lair.
  8806 | D:8      | Found a stormy altar of Qazlal.
  8858 | D:8      | Reached skill level 10 in Fighting
  9198 | D:8      | Reached XP level 11. HP: 100/101 MP: 11/11
  9606 | D:8      | Reached skill level 15 in Axes
 10188 | D:9      | Found Zin's Purification Station.
 10191 | D:9      | Found a glowing silver altar of Zin.
 10553 | D:10     | Entered Level 10 of the Dungeon
 10751 | D:10     | Noticed Snorg
 10776 | D:10     | Killed Snorg
 10777 | D:10     | Reached skill level 10 in Armour
 10779 | D:10     | Found Caimua's Distillery.
 11637 | D:10     | Noticed a two-headed ogre
 11644 | D:10     | Killed a two-headed ogre
 11645 | D:10     | Reached skill level 16 in Axes
 11801 | D:10     | Found a staircase to the Orcish Mines.
 11923 | D:11     | Noticed a two-headed ogre
 11935 | D:11     | Killed a two-headed ogre
 12007 | D:11     | Found the +8 frozen axe "Frostbite" {freezing cloud, *Noise
                  | Fly rC+}
 12190 | D:11     | Noticed an ice dragon
 12426 | D:10     | Killed an ice dragon
 12427 | D:10     | Reached XP level 12. HP: 103/111 MP: 12/12
 12440 | D:11     | Noticed a boulder beetle
 12446 | D:11     | Killed a boulder beetle
 12447 | D:11     | Reached skill level 17 in Axes
 12518 | D:11     | Noticed a boulder beetle
 12525 | D:11     | HP: 5/112 [boulder beetle (32)]
 12933 | D:11     | Killed a boulder beetle
 13581 | D:12     | Noticed a two-headed ogre
 13760 | D:11     | Killed a two-headed ogre
 13817 | D:12     | Reached skill level 18 in Axes
 13907 | D:12     | Noticed Kirke
 14207 | D:12     | Noticed a sphinx
 14227 | D:11     | HP: 1/169 [lindwurm[Kirke] (8)]
 14227 | D:11     | Mangled by a lindwurm

Illustrated notes

Levels and vault maps discovered:
D:1:      dpeg_arrival_houses_and_road, layout_rooms,
          hellmonk_ecumenical_altar_pennies_from_heaven, minmay_crystal_water
D:2:      minmay_thinvault, layout_basic, serial_shops, nicolae_diamond_shop,
          uniq_natasha
D:3:      layout_basic, ebering_ghost_reflecting_pool, roderic_lattice_a,
          kennysheep_another_room
D:4:      layout_loops_corners, nemelex_dance_club_becter, serial_bayou_pond_b,
          kennysheep_crisscross, cheibrodos_gnoll_hut
D:5:      layout_basic, lemuel_doored_altar,
          nicolae_wu_jian_immortal_techniques, serial_shops,
          nicolae_shop_crystal, minmay_hollow_rounded_squares
D:6:      minmay_angry_zag, layout_loops_cross,
          mainiacjoe_overflow_tiny_flanked, minmay_temple_entry_waves,
          gammafunk_ghost_split, nicolae_take_the_stairs
D:7:      layout_basic
D:8:      layout_gridville, nicolae_qazlal_general_emergency,
          due_lair_maze_entry_diamond
D:9:      layout_basic, zin_purify
D:10:     layout_roguey, orc_0_dummy, serial_shops, shop, nicolae_wwwww,
          uniq_snorg
D:11:     minmay_coctagon, layout_cave_pools
D:12:     layout_long_grid, minmay_crystal_box, uniq_kirke
Temple:   regret_index_temple_sphere_string

Skill      XL: |  1  2  3  4  5  6  7  8  9 10 11 12 |
---------------+-------------------------------------+-----
Axes           | 3 4 5 6 7 10 12 14 16 18 | 18.2
Fighting       | 4 5 6 7 8 10 11 12 | 12.6
Armour         | 4 5 6 8 9 10 11 | 11.6
Shields        | 4 5 |  5.0

Action                   |  1- 3 |  4- 6 |  7- 9 | 10-12 || total
-------------------------+-------+-------+-------+-------++-------
Melee: War axe           |    87 |   197 |   244 |   353 ||   881
       Executioner's axe |       |       |       |    64 ||    64
       Unarmed           |       |       |       |    18 ||    18
Throw: Dart              |       |       |       |     7 ||     7
Invok: Potion Petition   |       |       |       |     2 ||     2
  Use: Scroll            |       |    15 |     5 |    10 ||    30
       Potion            |       |       |     1 |     2 ||     3
 Stab: Distracted        |       |       |     3 |     2 ||     5
Armor: Scale mail        |    36 |    17 |       |       ||    53
       Chain mail        |       |    64 |       |       ||    64
       Plate armour      |       |    21 |   129 |   190 ||   340
Dodge: Dodged            |    39 |    65 |    64 |   111 ||   279
Block: Buckler           |    21 |    39 |    54 |   155 ||   269
       Reflection        |       |       |       |     4 ||     4
       Other             |       |       |       |    15 ||    15

Table legend: (Time is in decaauts)
 A = Elapsed time spent in this place.
 B = Non-inter-level travel time spent in this place.
 C = Inter-level travel time spent in this place.
 D = Time resting spent in this place.
 E = Time spent auto-exploring this place.
 F = Levels seen in this place.
 G = Mean time per level.
                   A        B        C        D        E       F      G
               +--------+--------+--------+--------+--------+-----+--------+
         Total |  14241 |  13646 |    595 |   1626 |   9702 |  13 | 1095.5 |
       Dungeon |  14188 |  13617 |    571 |   1626 |   9687 |  12 | 1182.3 |
        Temple |     53 |     29 |     24 |      0 |     15 |   1 |   53.0 |
               +--------+--------+--------+--------+--------+-----+--------+

Top non-repeatable levels by time:
    D:10: 1938 daAuts
     D:5: 1801 daAuts
     D:3: 1566 daAuts
    D:11: 1531 daAuts
     D:7: 1516 daAuts
     D:8: 1051 daAuts
     D:2: 1029 daAuts
     D:4: 988 daAuts
     D:6: 956 daAuts
     D:9: 829 daAuts
     D:1: 820 daAuts
    D:12: 158 daAuts
  Temple: 53 daAuts
